 Dungeon Crawl Stone Soup version 0.30.0-19-g36f170ea60 (webtiles) character file.

Game seed: 1072923497718028544

190 Hubris850 the Chopper (level 5, -1/31 (43) HPs)
             Began as a Gnoll Reaver on June 1, 2023.
             Frozen to death by an endoplasm (4 damage)
             ... on level 3 of the Dungeon.
             The game lasted 00:06:38 (2075 turns).

Hubris850 the Chopper (Gnoll Reaver)                Turns: 2075, Time: 00:06:40

HP:   -1/31 (43)    AC:  5    Str: 13    XL:     5   Next: 69%
MP:   9/12          EV: 12    Int: 12    God:
Gold: 134           SH:  0    Dex: 17    Spells: 13/14 levels left

rFire   . . .        m - +0 battleaxe
rCold   . . .        (shield currently unavailable)
rNeg    + . .        j - +0 ring mail
rPois   .            (no helmet)
rElec   .            (no cloak)
rCorr   .            (no gloves)
SInv    .            (no boots)
Will    .....        (no amulet)
Stlth   +            f - +6 ring of dexterity
HPRegen 0.25/turn    h - ring of positive energy
MPRegen 0.13/turn

%: no passive effects
@: lethally poisoned (-1 -> -2), very slightly contaminated, very heavily
drained
A: fangs 1, strong nose, distributed training
a: no special abilities


You were on level 3 of the Dungeon.
You visited 1 branch of the dungeon, and saw 3 of its levels.

You collected 134 gold pieces.

Inventory:

Hand Weapons
 a - a +0 hand axe
 m - a +0 battleaxe (weapon)
Missiles
 d - 14 poisoned darts
Armour
 b - a +0 leather armour
 j - a +0 ring mail (worn)
Magical Staves
 i - a staff of earth
Jewellery
 f - a +6 ring of dexterity (left hand)
 h - a ring of positive energy (right hand)
Wands
 n - a wand of mindburst (14)
Scrolls
 c - 2 scrolls of blinking
Potions
 e - a potion of cancellation
 g - a potion of lignification {unknown}
 k - a potion of curing {unknown}
 l - 2 potions of heal wounds {unknown}


   Skills:
 + Level 4.8 Fighting
 + Level 1.6 Short Blades
 + Level 1.6 Long Blades
 + Level 6.7 Axes
 + Level 1.6 Maces & Flails
 + Level 1.6 Polearms
 + Level 1.6 Staves
 + Level 1.6 Ranged Weapons
 + Level 1.6 Throwing
 + Level 1.6 Armour
 + Level 4.8 Dodging
 + Level 1.6 Stealth
 + Level 1.6 Shields
 + Level 1.6 Unarmed Combat
 + Level 5.2 Spellcasting
 + Level 5.6 Conjurations
 + Level 1.3 Hexes
 + Level 1.3 Summonings
 + Level 1.3 Necromancy
 + Level 1.3 Translocations
 + Level 1.3 Transmutations
 + Level 1.3 Fire Magic
 + Level 1.3 Ice Magic
 + Level 1.3 Air Magic
 + Level 1.3 Earth Magic
 + Level 1.3 Poison Magic
 + Level 1.9 Invocations
 + Level 1.6 Evocations


You had 13 spell levels left.
You knew the following spells:

 Your Spells              Type           Power      Damage    Failure   Level
a - Kiss of Death         Conj/Necr      44%        2d8       10%         1

Your spell library contained the following spells:

 Spells                   Type           Power      Damage    Failure   Level
 Momentum Strike          Conj/Tloc      22%        3d8       16%         2
 Hailstorm                Conj/Ice       11%        3d5       30%         3
 Ensorcelled Hibernation  Hex/Ice        12%        N/A       36%         2
 Passwall                 Tmut/Erth      5%         N/A       36%         2
 Swiftness                Air            6%         N/A       58%         3
 Irradiate                Conj/Tmut      5%         3d13      95%         5
 Blade Hands              Tmut           3%         N/A       100%        5
 Dragon Form              Tmut           3%         N/A       100%        7


Dungeon Overview and Level Annotations

Branches:
Dungeon (3/15)

Altars:


Innate Abilities, Weirdness & Mutations

You have very sharp teeth.
Your uncanny sense of smell can sniff out nearby items.
Your experience applies equally to all skills.


Message History

You are more poisoned.
The adder poisons you!
You miss the adder.
The adder is moderately wounded.
You feel very sick. The adder barely misses you. The adder bites you.
* * * LOW HITPOINT WARNING * * *
Casting: Kiss of Death (safe; 11% risk of failure)
Confirm with . or Enter, or press ? or * to list all spells.
Aiming: Kiss of Death (safe; 11% risk of failure)
Press: ? - help, Shift-Dir - straight line, f - adder
Aim: an adder (moderately wounded, 100% to hit)
You miscast Kiss of Death.
You are very lightly contaminated with residual magic.
Nothing appears to happen.
You feel sick. The adder completely misses you.
Unknown command.
Casting: Kiss of Death (safe; 11% risk of failure)
Confirm with . or Enter, or press ? or * to list all spells.
Aiming: Kiss of Death (safe; 11% risk of failure)
Press: ? - help, Shift-Dir - straight line, f/p - adder
Aim: an adder (moderately wounded, 100% to hit)
The negative energy hits the adder!
The adder is drained!
You kill the adder!
You feel drained.
You feel sick. The adder bites you but does no damage.
Unknown command.
Casting: Kiss of Death (safe; 10% risk of failure)
Confirm with . or Enter, or press ? or * to list all spells.
Aiming: Kiss of Death (safe; 10% risk of failure)
Press: ? - help, Shift-Dir - straight line, f - adder
Aim: an adder (100% to hit)
The negative energy hits the adder!
The adder is drained!
You kill the adder!
You feel drained.
You feel sick.
You hit the endoplasm but do no damage.
You feel sick. The endoplasm freezes you.
You are frozen.
* * * LOW HITPOINT WARNING * * *
The endoplasm freezes you.
You are frozen.
You die...

#. #....##.#######.... #..
#.......###.....###
.####.##.##...........## #
.................###.##
......#..............#
....#.).#########...######
.#[....)).# #...#.....#.
#...?..#J# #.#.........
..♣....!#@#∆ #.#.........
........#.# #.#....÷÷...
........#.# #.#.........
..∩...#[#.# #.#.........
........#.# #.#.........
.......#.. ..#..[......
..#########.........
........)...........
#.....<†....##.....


You could see an endoplasm.

Vanquished Creatures
  2 orc wizards (D:3)
  8 adders
  A worm (D:2)
  A dart slug (D:3)
  3 orcs (D:3)
  3 ball pythons
  2 endoplasms
  5 giant cockroaches
  9 goblins
  2 hobgoblins
  4 kobolds
  4 quokkas
  4 bats
  4 frilled lizards
  10 rats
62 creatures vanquished.

Vanquished Creatures (others)
  A frilled lizard (D:3)
1 creature vanquished.

Grand Total: 63 creatures vanquished

Notes
Turn   | Place    | Note
-------+----------+-------------------------------------------
     0 | D:1      | Hubris850 the Gnoll Reaver began the quest for the Orb.
     0 | D:1      | Reached XP level 1. HP: 20/20 MP: 6/6
   164 | D:1      | Reached XP level 2. HP: 16/26 MP: 7/7
   797 | D:2      | Reached skill level 5 in Spellcasting
   797 | D:2      | Reached XP level 3. HP: 31/31 MP: 7/9
   801 | D:2      | Reached skill level 1 in Invocations
  1061 | D:2      | Reached skill level 1 in Short Blades
  1061 | D:2      | Reached skill level 1 in Long Blades
  1061 | D:2      | Reached skill level 1 in Maces & Flails
  1061 | D:2      | Reached skill level 1 in Polearms
  1061 | D:2      | Reached skill level 1 in Staves
  1061 | D:2      | Reached skill level 1 in Ranged Weapons
  1061 | D:2      | Reached skill level 1 in Throwing
  1061 | D:2      | Reached skill level 1 in Armour
  1061 | D:2      | Reached skill level 1 in Stealth
  1061 | D:2      | Reached skill level 1 in Shields
  1061 | D:2      | Reached skill level 1 in Unarmed Combat
  1061 | D:2      | Reached skill level 1 in Evocations
  1482 | D:2      | Reached XP level 4. HP: 35/38 MP: 11/11
  1739 | D:3      | Reached skill level 1 in Hexes
  1739 | D:3      | Reached skill level 1 in Summonings
  1739 | D:3      | Reached skill level 1 in Necromancy
  1739 | D:3      | Reached skill level 1 in Translocations
  1739 | D:3      | Reached skill level 1 in Transmutations
  1739 | D:3      | Reached skill level 1 in Fire Magic
  1739 | D:3      | Reached skill level 1 in Ice Magic
  1739 | D:3      | Reached skill level 1 in Air Magic
  1739 | D:3      | Reached skill level 1 in Earth Magic
  1739 | D:3      | Reached skill level 1 in Poison Magic
  1900 | D:3      | Reached XP level 5. HP: 29/43 MP: 12/12
  2075 | D:3      | Frozen to death by an endoplasm

Illustrated notes

Levels and vault maps discovered:
D:1:      reono_arrival_mine, layout_loops_ring, minmay_pentomino_t2
D:2:      layout_loops_ring, st_stairs_10, minmay_misc_feat_secret_circle,
          hangedman_decor_slide_cut, roderic_roman_lattice
D:3:      layout_rooms, elyvilon_altar_4, hellmonk_ecumenical_altar_arch_garden,
          minivault_27

Skill      XL: |  1  2  3  4 |
---------------+-------------+-----
Spellcasting   | 5 |  5.2
Invocations    | 1 |  1.9
Short Blades   | 1 |  1.6
Long Blades    | 1 |  1.6
Maces & Flails | 1 |  1.6
Polearms       | 1 |  1.6
Staves         | 1 |  1.6
Ranged Weapons | 1 |  1.6
Throwing       | 1 |  1.6
Armour         | 1 |  1.6
Stealth        | 1 |  1.6
Shields        | 1 |  1.6
Unarmed Combat | 1 |  1.6
Evocations     | 1 |  1.6
Hexes          | 1 |  1.3
Summonings     | 1 |  1.3
Necromancy     | 1 |  1.3
Translocations | 1 |  1.3
Transmutations | 1 |  1.3
Fire Magic     | 1 |  1.3
Ice Magic      | 1 |  1.3
Air Magic      | 1 |  1.3
Earth Magic    | 1 |  1.3
Poison Magic   | 1 |  1.3
Fighting       | |  4.8
Axes           | |  6.7
Dodging        | |  4.8
Conjurations   | |  5.6

Action                     |  1- 3 |  4- 6 || total
---------------------------+-------+-------++-------
  Melee: Hand axe          |    90 |       ||    90
         Bite              |     8 |     5 ||    13
         Battleaxe         |     5 |    65 ||    70
  Throw: Dart              |     1 |       ||     1
   Cast: Kiss of Death     |       |     2 ||     2
    Use: Scroll            |     3 |       ||     3
   Stab: Sleeping          |     1 |       ||     1
 Armour: Leather armour    |    10 |       ||    10
         Ring mail         |     9 |    29 ||    38
  Dodge: Dodged            |    51 |    66 ||   117
